 Dungeon Crawl Stone Soup version 0.18.1-48-g4cf74bf (webtiles) character file.

283 tyranidshit the Skirmisher (level 6, -2/61 HPs)
             Began as a Deep Dwarf Necromancer on July 20, 2016.
             Was an Initiate of Makhleb.
             Slain by a slave (4 damage)
             ... led by Pikel
             ... on level 4 of the Dungeon.
             The game lasted 00:08:55 (2407 turns).

tyranidshit the Skirmisher (Deep Dwarf Necromancer) Turns: 2407, Time: 00:08:56

Health: -2/61      AC:  7    Str: 13    XL:     6   Next: 7%
Magic:  17/17      EV:  9    Int: 16    God:    Makhleb [......]
Gold:   166        SH:  0    Dex: 13    Spells: 1 memorised, 7 levels left

rFire  + . .     SeeInvis .     d - +0 war axe
rCold  . . .     Gourm    .     q - +0 scale mail
rNeg   . . .     Faith    .     (no shield)
rPois  .         Spirit   .     (no helmet)
rElec  .         Dismiss  .     f - +0 cloak
rCorr  .         Reflect  .     (no gloves)
SustAt .         Harm     .     (no boots)
MR     .....                    (no amulet)
Stlth  +.........               j - ring of magical power (curse)
                                m - ring of protection from fire

@: non-regenerating, not resistant to hostile enchantments, very unstealthy
A: damage resistance, recharge devices, sense surroundings 1, slow regeneration
3
a: Device Recharging, Renounce Religion


You were on level 4 of the Dungeon.
You worshipped Makhleb.
Makhleb was noncommittal.
You were not hungry.

You visited 1 branch of the dungeon, and saw 4 of its levels.

You collected 166 gold pieces.

Inventory:

Hand Weapons
 d - a +0 war axe (weapon)
Missiles
 i - 11 poisoned needles
Armour
 f - a +0 cloak (worn)
 q - a +0 scale mail (worn)
Jewellery
 j - a cursed ring of magical power (right hand)
 m - a ring of protection from fire (left hand)
Wands
 c - a wand of heal wounds (5/9)
Scrolls
 g - 3 scrolls of identify
 l - 3 scrolls of recharging
Potions
 a - 2 potions of curing
Books
 b - a book of Necromancy

   Spells                             Type                      Level
   a - Pain                           Necromancy                   1
   b - Animate Skeleton               Necromancy                   1
   c - Vampiric Draining              Necromancy                   3
   d - Regeneration                   Charms/Necromancy            3
   e - Animate Dead                   Necromancy                   4
   f - Control Undead                 Necromancy                   4
Comestibles
 k - 3 slices of pizza
 n - a bread ration
 p - a beef jerky


   Skills:
 + Level 5.4 Fighting
 - Level 2.1 Dodging
 - Level 2.4 Stealth
 - Level 1.7 Spellcasting
 - Level 4.3 Necromancy


You had 7 spell levels left.
You knew the following spells:

 Your Spells              Type           Power        Failure   Level  Hunger
a - Pain                  Necr           ###.         21%         1    ##.....


Dungeon Overview and Level Annotations

Branches:
Dungeon (4/15)
 Temple: D:4-7

Altars:
Makhleb

Annotations:
D:4 Pikel


Innate Abilities, Weirdness & Mutations

You are resistant to damage.
You can recharge devices by infusing magical energy.
You passively map a small area around you.
You do not regenerate naturally.


Message History

Charge which item? (? for menu, Esc to quit)
As you read the scroll of recharging, it crumbles to dust.
Your wand of heal wounds (0/9) glows for a moment and now has 5 charges.
The slave closely misses you. Pikel closely misses you. The slave misses you.
The slave hits you!
You closely miss Pikel.
Pikel is heavily wounded.
You hit the slave.
The slave is heavily wounded.
You hit the slave but do no damage.
The slave is heavily wounded.
Your scale mail prevents you from hitting the slave.
The slave is almost dead.
The slave closely misses you.
Pikel hits you with a whip of electrocution!
* * * LOW HITPOINT WARNING * * *
You are electrocuted!
* * * LOW HITPOINT WARNING * * *
The slave hits you.
You die...

#+######## , *
#?#......#
#####........#
*
#..........<.#
#.....(##+#+##
#......# ,#, *
*
#......##.#.#
,
#.....p.....#
#####@p.......
, , #pK....###
* #p........ *
#......##.
#..(...#
#...)..#
#......#*, ,
#....... , ,


You could see Pikel and 4 slaves.

Vanquished Creatures
  3 hounds
  An orc priest (D:3)
  An orc wizard (D:3)
  5 adders
  A gnoll (D:2)
  An adder skeleton (D:4)
  3 dart slugs
  6 orcs (D:3)
  A ball python (D:1)
  3 giant cockroaches (D:1)
  4 goblins
  9 hobgoblins
  12 jackals
  5 bats
  4 giant newts
  6 kobolds
  9 rats
74 creatures vanquished.

Notes
Turn   | Place    | Note
--------------------------------------------------------------
     0 | D:1      | tyranidshit the Deep Dwarf Necromancer began the quest for the Orb.
     0 | D:1      | Reached XP level 1. HP: 15/15 MP: 3/3
   178 | D:1      | Reached skill level 1 in Fighting
   213 | D:1      | Reached XP level 2. HP: 10/25 MP: 4/4
   588 | D:1      | Reached skill level 2 in Fighting
   974 | D:1      | Reached XP level 3. HP: 31/33 MP: 5/5
  1081 | D:2      | Reached skill level 3 in Fighting
  1177 | D:2      | Found a faded altar to an unknown god.
  1226 | D:2      | Reached XP level 4. HP: 37/42 MP: 6/6
  1466 | D:2      | Reached skill level 4 in Fighting
  1466 | D:2      | Reached XP level 5. HP: 16/50 MP: 7/7
  2018 | D:3      | Reached skill level 5 in Fighting
  2026 | D:3      | Reached XP level 6. HP: 50/61 MP: 8/8
  2083 | D:3      | Found a burning altar of Makhleb.
  2113 | D:3      | Became a worshipper of Makhleb the Destroyer
  2387 | D:4      | Noticed a slave
  2388 | D:4      | Noticed Pikel
  2389 | D:4      | Noticed a slave
  2389 | D:4      | Noticed a slave
  2390 | D:4      | Noticed a slave
  2401 | D:4      | HP: 3/61 [slave[Pikel] (3)]
  2407 | D:4      | HP: 2/61 [Pikel/whip of electrocution (12)]
  2407 | D:4      | Slain by a slave

Skill      XL: |  1  2  3  4  5 |
---------------+----------------+-----
Fighting       | 1 2 3 4 5 |  5.4
Dodging        | |  2.1
Stealth        | |  2.4
Spellcasting   | |  1.7
Necromancy     | |  4.3

Action                   |  1- 3 |  4- 6 || total
-------------------------+-------+-------++-------
Melee: Hand axe          |   143 |       ||   143
       Flail             |    26 |    73 ||    99
       War axe           |       |    83 ||    83
       Rapier            |       |    25 ||    25
Evoke: Wand              |     2 |     7 ||     9
  Use: Scroll            |     5 |     3 ||     8
       Potion            |     3 |     2 ||     5
 Stab: Sleeping          |     7 |     1 ||     8
  Eat: Bread ration      |     1 |       ||     1
       Meat ration       |       |     1 ||     1
Armor: Robe              |    87 |    39 ||   126
       Scale mail        |       |    95 ||    95
Dodge: Dodged            |   192 |   219 ||   411
